 Dungeon Crawl Stone Soup version 0.25-a0-635-g0c6c292ef3 (webtiles) character file.

Game seed: 16882947066698556090, levelgen mode: deterministic

20125 kae the Severer (level 12, 0/113 HPs)
             Began as a Hill Orc Fighter on Mar 20, 2020.
             Was an Elder of Qazlal.
             Succumbed to an ogre mage's bolt of poison
             ... on level 2 of the Orcish Mines.
             The game lasted 00:12:07 (12513 turns).

kae the Severer (Hill Orc Fighter)                 Turns: 12513, Time: 00:12:08

Health: 0/113      AC: 17    Str: 28    XL:     12   Next: 76%
Magic:  22/22      EV:  5    Int:  8    God:    Qazlal [****..]
Gold:   1398       SH: 15    Dex: 17    Spells: 11/11 levels left

rFire    . . .     SeeInvis +   p - +4 war axe (freeze)
rCold    . . .     Gourm    .   c - +0 kite shield
rNeg     . . .     Faith    .   I - +0 plate armour
rPois    .         Spirit   .   s - +0 mask of the Dragon {MR+ Slay+3 SInv}
rElec    .         Reflect  .   t - +2 cloak {MR+}
rCorr    .         Harm     .   o - +2 pair of gloves
MR       ++...                  (no boots)
Stlth    ..........             F - amulet "Bifiqaps" {RegenMP Str+4 Dex+4}
HPRegen  0.28/turn              v - ring of flight
MPRegen  0.43/turn              i - +3 ring of dexterity

@: lethally poisoned (0 -> -3), repel missiles
A: no striking features
a: Upheaval, Elemental Force, Renounce Religion, Evoke Flight


You were on level 2 of the Orcish Mines.
You worshipped Qazlal.
Qazlal was greatly pleased with you.
You were hungry.

You visited 3 branches of the dungeon, and saw 14 of its levels.

You collected 1398 gold pieces.

Inventory:

Hand Weapons
 p - a +4 war axe of freezing (weapon)
 z - a +2 vorpal war axe
Armour
 b - a +0 scale mail
 c - a +0 kite shield (worn)
 o - a +2 pair of gloves (worn)
 s - the +0 mask of the Dragon (worn) {MR+ Slay+3 SInv}
   (You found it on level 4 of the Dungeon)

   It affects your accuracy and damage with ranged weapons and melee attacks
   (+3).
   It affects your resistance to hostile enchantments.
   It lets you see invisible.
 t - a +2 cloak of magic resistance (worn)
 I - a +0 plate armour (worn)
Jewellery
 e - an uncursed ring of magical power
 i - a +3 ring of dexterity (right hand)
 j - an uncursed amulet of guardian spirit
 k - an uncursed amulet of regeneration
 r - an uncursed amulet of rage
 v - a ring of flight (left hand)
 y - an uncursed amulet of magic regeneration
 F - the amulet "Bifiqaps" (around neck) {RegenMP Str+4 Dex+4}
   (You found it on level 7 of the Dungeon)

   [amulet of magic regeneration]

   It increases your magic regeneration.
   It affects your strength (+4).
   It affects your dexterity (+4).
Wands
 a - a wand of scattershot (8)
 x - a wand of iceblast (17)
 H - a wand of polymorph (10)
 J - a wand of disintegration (12)
 K - a wand of clouds (6)
Scrolls
 g - 6 scrolls of remove curse
 m - 5 scrolls of fog
 u - a scroll of enchant armour
 D - a scroll of blinking
 E - 2 scrolls of amnesia
Potions
 d - a potion of might
 l - a potion of stabbing {unknown}
 w - a potion of lignification {unknown}
 A - a potion of mutation {unknown}
 B - 2 potions of flight
 C - a potion of resistance
 N - a potion of ambrosia {unknown}
Comestibles
 f - 20 rations


   Skills:
 + Level 12.5 Fighting
 * Level 17.6 Axes
 - Level 3.2 Armour
 - Level 3.2 Shields
 * Level 13.6 Invocations


You had 11 spell levels left.
You didn't know any spells.
Your spell library contained the following spells:

 Spells                   Type           Power        Failure   Level  Hunger
 Animate Skeleton         Necr           N/A          100%        1    ##.....
 Pain                     Necr           #...         100%        1    ##.....
 Summon Small Mammal      Summ           #...         100%        1    ##.....
 Call Imp                 Summ           #.......     100%        2    ###....
 Call Canine Familiar     Summ           #.......     100%        3    ####...
 Confusing Touch          Hex            #.......     100%        3    ####...
 Gell's Gravitas          Tloc           #.........   100%        3    ####...
 Summon Guardian Golem    Hex/Summ       #.......     100%        3    ####...
 Vampiric Draining        Necr           #.........   100%        3    ####...
 Animate Dead             Necr           N/A          100%        4    #####..
 Petrify                  Tmut/Erth      #.......     100%        4    #####..
 Summon Ice Beast         Ice/Summ       #.......     100%        4    #####..
 Summon Lightning Spire   Summ/Air       #.......     100%        4    #####..
 Agony                    Necr           #.......     100%        5    ######.
 Metabolic Englaciation   Hex/Ice        #.........   100%        5    ######.
 Yara's Violent Unravell  Hex/Tmut       #.........   100%        5    ######.


Dungeon Overview and Level Annotations

Branches:
Dungeon (11/15)            Temple (1/1) D:6            Lair (0/6) D:9
    Orc (2/2) D:10
    Elf: Orc:2

Altars:
Ashenzari
Cheibriados
Dithmenos
Elyvilon
Fedhas
Gozag
Hepliaklqana
Kikubaaqudgha
Makhleb
Nemelex Xobeh
Okawaru
Qazlal
Ru
Sif Muna
Trog
Uskayaw
Vehumet
Wu Jian
Xom
Yredelemnul
Zin
The Shining One

Shops:
D:5 :   D:10 }(

Annotations:
D:9 2 transporters


Message History

The two-headed ogre hits you with a +0 dire flail.
* * * LOW HITPOINT WARNING * * *
You block the two-headed ogre's attack.
A deep troll comes into view.
Okay, then.
Unknown command.
* * * LOW HITPOINT WARNING * * *
You feel sick.
Items here: ))) [ †††
* * * LOW HITPOINT WARNING * * *
You feel sick.
Things that are here:
a +0 troll leather armour; 3 chunks of flesh; a troll skeleton
* * * LOW HITPOINT WARNING * * *
You feel sick.
* * * LOW HITPOINT WARNING * * *
You feel sick.
The ogre mage casts a spell.
The ogre mage blinks!
You block the ogre's attack.
You die...

......#.....#.##
###.##
...............#
##....#
....#.........##
#....#
...###..#.#....#
#...<## ####
#.....#..######....#
##.#..#...#.###...##
##....#.#........#
#...#####......##
##.# ##.@.....### ##
#....O°.T..##
##.#T○○OO...# #
####O#O...#..#
##[##OO...T..
#.[)OO.......
#.#.)[O.......
.......#).O.......
#........#........


You could see 3 two-headed ogres, a deep troll, a troll and 3 ogres.

Vanquished Creatures
  3 hydras (D:11)
  4 two-headed ogres (Orc:2)
  A deep troll (Orc:2)
  An orc knight (D:10)
  3 orc sorcerers (Orc:1)
  2 ugly things (D:11)
  A manticore (D:11)
  2 centaur zombies
  An elephant (D:9)
  3 kobold demonologists (D:11)
  3 meliai (D:11)
  3 trolls (Orc:2)
  4 hippogriffs
  A vampire (D:11)
  A hungry ghost (D:11)
  Eustachio (D:5)
  A steam dragon (D:10)
  5 wargs
  A water moccasin (D:7)
  14 orc warriors
  A phantom (D:10)
  An ice beast (D:10)
  A black bear (D:11)
  11 ogres
  2 centaurs
  2 crocodiles (D:9)
  7 big kobolds
  9 bullfrogs
  A gnoll sergeant (D:8)
  5 scorpions
  14 killer bees
  2 howler monkeys
  10 crimson imps
  A bullfrog zombie (D:7)
  13 orc priests
  9 hounds
  4 jellies
  16 orc wizards
  Crazy Yiuf (D:4)
  5 centaur skeletons
  An iguana (D:10)
  7 worker ants
  Ijyb (D:4)
  A killer bee zombie (D:6)
  A hound zombie (D:9)
  2 hound skeletons (D:7)
  4 gnolls (D:8)
  13 adders
  A shadow imp (D:11)
  An ooze (D:1)
  An adder skeleton (D:5)
  3 worms
  A dart slug (D:1)
  8 leopard geckos
  60 orcs
  6 giant cockroaches
  9 goblins
  4 hobgoblins
  4 jackals (D:8)
  6 quokkas
  3 ball pythons
  9 bats
  8 frilled lizards
  29 kobolds
  A leopard gecko skeleton (D:5)
  A leopard gecko zombie (D:6)
  A quokka zombie (D:8)
  10 rats
366 creatures vanquished.

Notes
Turn   | Place    | Note
-------+----------+-------------------------------------------
     0 | D:1      | kae the Hill Orc Fighter began the quest for the Orb.
     0 | D:1      | Reached XP level 1. HP: 19/19 MP: 1/1
   104 | D:1      | Reached skill level 3 in Axes
   201 | D:1      | Reached XP level 2. HP: 24/27 MP: 2/2
   222 | D:1      | You fall into a shaft and drop 1 floor!
   338 | D:2      | Found a sacrificial altar of Ru.
   352 | D:2      | Reached skill level 4 in Axes
   352 | D:2      | Reached XP level 3. HP: 29/33 MP: 3/3
   699 | D:1      | Reached XP level 4. HP: 41/41 MP: 4/4
  1046 | D:2      | Reached skill level 5 in Axes
  2087 | D:3      | Reached XP level 5. HP: 40/47 MP: 5/5
  2592 | D:3      | Found an opulent altar of Gozag.
  2940 | D:4      | Reached skill level 5 in Fighting
  2940 | D:4      | Reached skill level 6 in Axes
  3379 | D:4      | Reached XP level 6. HP: 56/56 MP: 6/6
  3438 | D:4      | Found the +0 mask of the Dragon {MR+ Slay+3 SInv}
  3547 | D:4      | Reached skill level 7 in Axes
  3610 | D:4      | Noticed Ijyb
  3613 | D:4      | Killed Ijyb
  3655 | D:4      | Found a shattered altar of Ashenzari.
  3823 | D:4      | Found a runed translucent door.
  3824 | D:4      | Noticed Crazy Yiuf
  3868 | D:4      | Killed Crazy Yiuf
  3868 | D:4      | Reached skill level 8 in Axes
  3868 | D:4      | Reached XP level 7. HP: 63/63 MP: 7/7
  3915 | D:5      | Entered Level 5 of the Dungeon
  4332 | D:5      | Found Cybun's Book Emporium.
  4355 | D:5      | Reached skill level 9 in Axes
  4381 | D:5      | Noticed Eustachio
  4406 | D:5      | Killed Eustachio
  4451 | D:5      | Reached XP level 8. HP: 73/73 MP: 8/8
  4656 | D:6      | Reached skill level 10 in Axes
  4673 | D:6      | Found a hide-covered altar of Uskayaw.
  5078 | D:6      | Found a staircase to the Ecumenical Temple.
  5189 | Temple   | Entered the Ecumenical Temple
  5691 | D:7      | Reached skill level 11 in Axes
  5732 | D:7      | Reached XP level 9. HP: 25/82 MP: 9/9
  6045 | D:7      | Reached skill level 12 in Axes
  6181 | D:7      | Found a stormy altar of Qazlal.
  6181 | D:7      | Found a radiant altar of Vehumet.
  6203 | D:7      | Became a worshipper of Qazlal Stormbringer
  6231 | D:7      | Reached skill level 1 in Invocations
  6474 | D:7      | Got a smoking ruby amulet
  6592 | D:7      | Reached skill level 13 in Axes
  6913 | D:8      | Reached * piety under Qazlal
  6980 | D:8      | Reached skill level 5 in Invocations
  7281 | D:8      | Found a shimmering altar of Xom.
  7484 | D:8      | Reached XP level 10. HP: 92/92 MP: 14/14
  7823 | D:9      | Identified the amulet "Bifiqaps" {RegenMP Str+4 Dex+4} (You
                  | found it on level 7 of the Dungeon)
  7877 | D:9      | Reached skill level 10 in Fighting
  7880 | D:9      | Reached ** piety under Qazlal
  7891 | D:9      | Found a staircase to the Lair.
  7891 | D:9      | Noticed an elephant
  7895 | D:9      | Reached skill level 14 in Axes
  7904 | D:9      | Killed an elephant
  7945 | D:9      | Found a transporter.
  7945 | D:9      | Noticed a deep elf archer
  7961 | D:9      | Found an ancient bone altar of Kikubaaqudgha.
  8075 | D:9      | Found a burning altar of Makhleb.
  8085 | D:9      | Found a transporter.
  8227 | D:9      | You fall into a shaft and drop 1 floor!
  8227 | D:10     | Entered Level 10 of the Dungeon
  8227 | D:10     | Found Sakh's Gadget Shoppe.
  8291 | D:10     | Found Ereink's Armour Shop.
  8385 | D:10     | Found a staircase to the Orcish Mines.
  8770 | D:10     | Found Maojous's Weapon Shoppe.
  9032 | D:9      | Reached skill level 15 in Axes
  9032 | D:9      | Reached XP level 11. HP: 101/101 MP: 17/17
  9045 | D:9      | Reached *** piety under Qazlal
  9245 | D:11     | Noticed a manticore
  9257 | D:11     | Reached skill level 10 in Invocations
  9262 | D:11     | Killed a manticore
  9441 | D:11     | Noticed a five-headed hydra
  9444 | D:11     | HP: 3/102 [meliai/divine providence (14)]
  9804 | D:11     | Noticed a six-headed hydra
  9820 | D:11     | Noticed a green ugly thing
  9886 | D:11     | Noticed a white ugly thing
  9889 | D:11     | Killed a white ugly thing
 10037 | D:11     | Reached **** piety under Qazlal
 10089 | D:11     | Reached skill level 16 in Axes
 10130 | D:11     | Killed a green ugly thing
 10478 | D:11     | Killed a six-headed hydra
 10486 | D:11     | Noticed a seven-headed hydra
 10489 | D:11     | Killed a seven-headed hydra
 10523 | D:11     | Killed a five-headed hydra
 10523 | D:11     | Reached XP level 12. HP: 111/111 MP: 6/20
 11000 | Orc:1    | Entered Level 1 of the Orcish Mines
 11942 | Orc:1    | Reached skill level 17 in Axes
 12239 | Orc:2    | Entered Level 2 of the Orcish Mines
 12475 | Orc:2    | Noticed a two-headed ogre
 12475 | Orc:2    | Noticed a two-headed ogre
 12476 | Orc:2    | Noticed a two-headed ogre
 12486 | Orc:2    | Killed a two-headed ogre
 12487 | Orc:2    | Killed a two-headed ogre
 12488 | Orc:2    | Killed a two-headed ogre
 12491 | Orc:2    | Noticed a two-headed ogre
 12491 | Orc:2    | Noticed an ogre mage
 12495 | Orc:2    | Noticed a two-headed ogre
 12497 | Orc:2    | Noticed a two-headed ogre
 12501 | Orc:2    | Noticed a two-headed ogre
 12502 | Orc:2    | Killed a two-headed ogre
 12502 | Orc:2    | Noticed a two-headed ogre
 12504 | Orc:2    | Noticed an ogre mage
 12507 | Orc:2    | HP: 4/113 [two-headed ogre/cursed +0 giant club (7)]
 12510 | Orc:2    | HP: 1/113 [poisoned by an ogre mage (bolt of poison)]
 12513 | Orc:2    | Succumbed to an ogre mage's bolt of poison

Levels and vault maps discovered:
D:1:      dpeg_arrival_three_same_balls, layout_basic
D:2:      layout_loops_corners, nicolae_ru_great_annihilating_truth
D:3:      layout_basic, nicolae_gozag_cash_rules_everything_around_me
D:4:      layout_basic, first_ration, cheibrodos_ashenzari_chains,
          uniq_crazy_yiuf_cottage, uniq_ijyb
D:5:      layout_basic, serial_shops, nicolae_shop_trees, lemuel_statue_altar,
          uniq_eustachio
D:6:      layout_gridville, old_standard_altar, minmay_temple_entry_ruins
D:7:      layout_loops_ring, gammafunk_temple_overflow_wave, serial_glass,
          glass_columns_a, glass_columns_a
D:8:      layout_layer_cave, nicolae_overflow_hidden_temple
D:9:      layout_rooms, gammafunk_temple_overflow_arena, david_lair_generic,
          basic_altar
D:10:     layout_roguey, minmay_orc_entry_guard_dogs, serial_shops, shop, shop,
          shop, nicolae_wwwww, blue_anna_alchemist [blue_anna_fruit_fields,
          blue_anna_fruit_fields]
D:11:     layout_layer_cave, minmay_misc_feat_tower
Temple:   eino_temple_scatter_basement
Orc:1:    layout_caves
Orc:2:    st_orc_open, layout_caves, portal_ice_cave_demonic_guard, uniq_urug

Skill      XL: |  1  2  3  4  5  6  7  8  9 10 11 12 |
---------------+-------------------------------------+-----
Axes           | 3 4 5 6 8 9 11 13 15 16 17 | 17.6
Fighting       | 4 5 6 7 8 9 10 11 12 | 12.5
Invocations    | 5 9 11 13 | 13.6
Armour         | |  3.2
Shields        | |  3.2

Action                   |  1- 3 |  4- 6 |  7- 9 | 10-12 || total
-------------------------+-------+-------+-------+-------++-------
Melee: War axe           |    92 |   181 |   245 |   338 ||   856
Invok: Upheaval          |       |       |       |     9 ||     9
  Use: Scroll            |       |     3 |    11 |     9 ||    23
       Potion            |       |     1 |       |     3 ||     4
 Stab: Paralysed         |     1 |       |       |       ||     1
  Eat: Chunk             |       |    10 |     8 |    13 ||    31
       Ration            |       |       |     1 |     1 ||     2
Armor: Scale mail        |    46 |    53 |    91 |       ||   190
       Plate armour      |       |       |    12 |   153 ||   165
Dodge: Dodged            |    29 |    55 |    64 |    49 ||   197
Block: Kite shield       |    51 |    89 |   114 |   243 ||   497

Table legend:
 A = Non-vault XP
 B = Vault XP
 C = Vault XP percentage of total XP
 D = Non-vault monster count
 E = Vault monster count
 F = Vault count percentage of total count
                 A         B        C        D         E       F
            +---------+---------+-------+---------+---------+-------
      Total |   21301 |    7449 |  25.9 |     338 |      28 |   7.7
            +---------+---------+-------+---------+---------+-------
        D:1 |      33 |       0 |   0.0 |      14 |       0 |   0.0
        D:2 |      51 |      45 |  46.9 |      28 |       4 |  12.5
        D:3 |      51 |       0 |   0.0 |      20 |       0 |   0.0
        D:4 |     391 |      72 |  15.6 |      21 |       2 |   8.7
        D:5 |     428 |     182 |  29.8 |      21 |       1 |   4.5
        D:6 |     572 |       0 |   0.0 |      17 |       0 |   0.0
        D:7 |    2205 |       0 |   0.0 |      35 |       0 |   0.0
        D:8 |     794 |       0 |   0.0 |      27 |       0 |   0.0
        D:9 |    1570 |     900 |  36.4 |      30 |       4 |  11.8
       D:10 |    2343 |     736 |  23.9 |      28 |       5 |  15.2
       D:11 |    8983 |       0 |   0.0 |      57 |       0 |   0.0
      Orc:1 |    3039 |       0 |   0.0 |      25 |       0 |   0.0
      Orc:2 |     841 |    5514 |  86.8 |      15 |      12 |  44.4
            +---------+---------+-------+---------+---------+-------
